 Dungeon Crawl Stone Soup version 0.21-a0-440-g28109cb (webtiles) character file.

239 Heskey the Skirmisher (level 6, -1/68 HPs)
             Began as an Ogre Berserker on Nov 10, 2017.
             Was a Priest of Trog.
             Slain by an orc wizard
             ... wielding a +2 dagger of venom
              (3 damage)
             ... on level 4 of the Dungeon.
             The game lasted 00:06:58 (3067 turns).

Heskey the Skirmisher (Ogre Berserker)              Turns: 3067, Time: 00:07:01

Health: -1/68      AC:  4    Str: 22 (24) XL:     6   Next: 7%
Magic:  6/6        EV: 10    Int:  6 (8)  God:    Trog [***...]
Gold:   211        SH:  0    Dex:  8      Spells: 5/5 levels left

rFire    . . .     SeeInvis .   a - +1 giant spiked club
rCold    + . .     Gourm    .   (shield currently unavailable)
rNeg     . . .     Faith    .   b - +1 animal skin
rPois    .         Spirit   .   (helmet restricted)
rElec    .         Reflect  .   (no cloak)
rCorr    .         Harm     .   (gloves unavailable)
MR       .....                  (boots unavailable)
Stlth    +.........             (no amulet)
HPRegen  0.21/turn              k - ring of protection from cold
MPRegen  0.10/turn              (no ring)

@: lethally poisoned (-1 -> -52), berserk cooldown, slowed, very slow
A: unfitting armour, tough skin 1
a: Berserk, Trog's Hand, Burn Spellbooks, Renounce Religion


You were on level 4 of the Dungeon.
You worshipped Trog.
Trog was most pleased with you.
You were hungry.

You visited 1 branch of the dungeon, and saw 4 of its levels.

You collected 211 gold pieces.

Inventory:

Hand Weapons
 a - a +1 giant spiked club (weapon)
 n - a +0 morningstar
Armour
 b - a +1 animal skin (worn)
Jewellery
 d - an uncursed amulet of regeneration {unknown}
 k - a ring of protection from cold (left hand)
Wands
 t - a wand of paralysis (15/24)
Scrolls
 e - 3 scrolls of recharging
 j - 3 scrolls of identify
Potions
 o - a potion of flight
Comestibles
 c - 2 bread rations
 f - 4 meat rations
 g - a chunk of flesh
 p - 3 fruits


   Skills:
 * Level 6.7 Fighting
 + Level 3.7 Maces & Flails
 + Level 3.7 Dodging


You had 5 spell levels left.
You didn't know any spells.

Dungeon Overview and Level Annotations

Branches:
Dungeon (4/15)
 Temple: D:4-7

Altars:
Elyvilon
Okawaru
Xom


Innate Abilities, Weirdness & Mutations

You are too large for most types of armour.
You have tough skin. (AC +1)


Message History

You hear some strange, mumbled words.
You feel very sick. Something hits you but does no damage.
You are lethally poisoned!
* * * LOW HITPOINT WARNING * * *
You feel very sick. Something hits you.
* * * LOW HITPOINT WARNING * * *
You are more poisoned.
* * * LOW HITPOINT WARNING * * *
You feel very sick. Something hits you but does no damage.
You are more poisoned.
* * * LOW HITPOINT WARNING * * *
You feel very sick. Something hits you.
* * * LOW HITPOINT WARNING * * *
You are more poisoned.
Something hits you.
You die...

..#.....# #....≈.._.≈.^....,,,**
..#.....####.###†≈≈#._♣#...#**,**
........+......#..≈.≈..#,,,.,,,**
..##....####.#.##._..≈##,,,,,,,,*
..##########.#####...##,,,,,,,,,,
..............#####^##,****,*,,,*
.###########[...(.+...,* *,*,,,,
########## ##..####....****,*,,,*
#........# #.o.@.#....#*,,,,,,*,
#........# ##.##.#....#*,*,,,,,,
#........# #.#<.#....#*,**,*,*,
.........# #.####,,,,**,**,,,*,
.........#####....+,,,,**,***,,*,
...............#.##,,,,**,,,,,>*+
†..##'##########.#*,,,,*******,,,
...##.# *******#)#****** *,,,,,,,
...##.# *,,,,,,...,,,,* *,****,,


You could see an orc wizard.

Vanquished Creatures
  An ogre (D:4)
  A gnoll (D:2)
  5 adders
  3 oozes
  A worm (D:3)
  2 dart slugs
  2 leopard geckos
  8 orcs
  2 giant cockroaches
  8 goblins
  6 hobgoblins
  5 jackals (D:4)
  12 kobolds
  2 quokkas (D:3)
  7 bats
  2 frilled lizards (D:2)
  3 rats (D:2)
70 creatures vanquished.

Notes
Turn   | Place    | Note
-------+----------+-------------------------------------------
     0 | D:1      | Heskey the Ogre Berserker began the quest for the Orb.
     0 | D:1      | Reached XP level 1. HP: 24/24 MP: 1/1
   384 | D:1      | Reached XP level 2. HP: 28/33 MP: 2/2
   877 | D:2      | Reached XP level 3. HP: 41/41 MP: 3/3
   909 | D:2      | Reached skill level 5 in Fighting
  1275 | D:2      | Reached ** piety under Trog
  1553 | D:2      | Reached XP level 4. HP: 50/50 MP: 4/4
  1582 | D:2      | Found an iron altar of Okawaru.
  1717 | D:3      | Found a faded altar of an unknown god.
  2326 | D:3      | Found a white marble altar of Elyvilon.
  2477 | D:3      | Reached XP level 5. HP: 54/59 MP: 5/5
  2680 | D:3      | Reached skill level 6 in Fighting
  2874 | D:4      | Found a shimmering altar of Xom.
  2876 | D:4      | Found a shimmering altar of Xom.
  2876 | D:4      | Found a shimmering altar of Xom.
  2877 | D:4      | Found a shimmering altar of Xom.
  2877 | D:4      | Noticed an ogre
  2885 | D:4      | Killed an ogre
  3005 | D:4      | Reached XP level 6. HP: 66/68 MP: 6/6
  3044 | D:4      | Reached *** piety under Trog
  3067 | D:4      | HP: 2/68 [something (2)]
  3067 | D:4      | Slain by an orc wizard

Vault maps used:
D:1:      evilmike_arrival_hilbert_curve, hangedman_abyss_or_decor_stabs
D:2:      lemuel_upstairs_altar, st_stairs_7, okawaru_altar_gauntlet_db
D:3:      elyvilon_altar_5, chequers_ecumenical_altar_island, first_bread
D:4:      xom_redecorated

Skill      XL: |  1  2  3  4  5 |
---------------+----------------+-----
Maces & Flails | 3 |  3.7
Dodging        | 3 |  3.7
Fighting       | 5 6 |  6.7

Action                   |  1- 3 |  4- 6 || total
-------------------------+-------+-------++-------
Melee: Mace              |   110 |    66 ||   176
       Morningstar       |       |    14 ||    14
       Giant spiked club |       |    27 ||    27
Invok: Berserk           |     1 |     2 ||     3
       Burn Spellbooks   |       |     1 ||     1
  Use: Potion            |       |     4 ||     4
       Scroll            |       |     8 ||     8
 Stab: Sleeping          |     1 |     1 ||     2
  Eat: Chunk             |     2 |     6 ||     8
       Fruit             |       |     1 ||     1
Armor: Animal skin       |    47 |    37 ||    84
Dodge: Dodged            |    82 |    47 ||   129

Table legend:
 A = Spawn XP
 B = Non-spawn XP
 C = Spawn XP percentage of total XP
 D = Spawn monster count
 E = Non-spawn monster count
 F = Spawn count percentage of total count
 G = Total turns spent on level
                    A         B        C        D         E        F      G
               +---------+---------+-------+---------+---------+-------+---------
         Total |       0 |     342 |   0.0 |       0 |      70 |   0.0 |  3067
               +---------+---------+-------+---------+---------+-------+---------
           D:1 |       0 |      25 |   0.0 |       0 |      11 |   0.0 |   783
           D:2 |       0 |      69 |   0.0 |       0 |      28 |   0.0 |   902
           D:3 |       0 |      95 |   0.0 |       0 |      21 |   0.0 |  1177
           D:4 |       0 |     153 |   0.0 |       0 |      10 |   0.0 |   205
               +---------+---------+-------+---------+---------+-------+---------
